AoeStats
← Donki

MegaRandom

509946487Analyzed
4v4 RM · 4d ago on Sep 28, 2026· 43m 52s· 8 players
Game mode
Random Map
Map size
Large (8 player)
Population
200
Speed
Normal
Resources
Standard
Victory
Conquest
Starting age
Dark Age
Ending age
Imperial Age
RankedLock teamsTeams togetherTeam positionsShared explorationLock speedFull tech treeHidden civsTurbo modeCheats
Victory
Defeat
🇸🇪 Mongols · Sweden
1306
+11
🇸🇪 Lithuanians · Sweden
1185
+15
🇬🇧 Maya · United Kingdom
1170
+16
🇸🇪 Franks · Sweden
1034
+22
🇨🇿 Georgians · Czechia
1219
-18
🇳🇱 Huns · Netherlands
1200
-17
🇨🇿 Jurchens · Czechia
1149
-15
🇨🇿 Hindustanis · Czechia
1121
-14
Tarongil
7:57 Loom
9:55 Feudal Age
10:42 Double-Bit Axe
10:22 Man-at-Arms
10:53 Horse Collar
14:57 Arson
15:49 Wheelbarrow
20:58 Castle Age
19:18 Fletching
20:19 Stone Mining
20:20 Gold Mining
20:43 Bloodlines
21:42 Husbandry
22:01 Bodkin Arrow
22:20 Bow Saw
23:47 Padded Archer Armor
24:56 Hand Cart
26:20 Stone Mining
29:53 Ballistics
35:56 Imperial Age
33:42 Thumb Ring
35:11 Scale Barding Armor
36:26 Leather Archer Armor
36:23 Forging
35:50 Light Cavalry
36:55 Bracer
37:52 Conscription
38:18 Forging
38:56 Parthian Tactics
40:23 Chemistry
41:19 Chain Barding Armor
42:15 Siege Engineers
42:21 Masonry
43:58 Iron Casting
43:58 Heavy Plow
43:59 Murder Holes
adam.stendahl
12:43 Feudal Age
16:53 Double-Bit Axe
19:54 Castle Age
18:21 Gold Mining
18:44 Scale Barding Armor
18:50 Forging
21:18 Chain Barding Armor
21:04 Loom
26:31 Bow Saw
28:14 Husbandry
29:33 Gold Shaft Mining
32:00 Wheelbarrow
32:10 Wheelbarrow
31:30 Stone Mining
32:55 Iron Casting
34:22 Hand Cart
37:14 Ballistics
36:45 Treadmill Crane
40:18 Imperial Age
41:55 Chivalry
41:19 Cavalier
42:35 Paladin
43:57 Plate Barding Armor
44:23 Blast Furnace
43:31 Arrowslits
44:39 Conscription
tommybee
7:04 Loom
10:29 Feudal Age
18:51 Castle Age
19:02 Fletching
19:12 Padded Archer Armor
18:57 Elite Skirmisher
19:00 Crossbowman
20:08 Bodkin Arrow
21:17 Double-Bit Axe
22:51 Wheelbarrow
23:44 Leather Archer Armor
28:14 Ballistics
28:22 Gold Mining
30:06 Hand Cart
30:33 Thumb Ring
33:25 Bow Saw
39:44 Imperial Age
40:18 Arbalester
41:00 Bracer
42:44 Chemistry
44:00 Ring Archer Armor
hillpwn
3:42 Loom
11:05 Feudal Age
12:51 Town Watch
16:11 Wheelbarrow
21:53 Castle Age
20:58 Forging
25:48 Iron Casting
27:11 Bloodlines
30:08 Fervor
31:10 Fletching
31:00 Horse Collar
34:52 Scale Barding Armor
34:49 Husbandry
36:37 Heavy Plow
36:22 Double-Bit Axe
38:25 Chain Barding Armor
41:14 Imperial Age
40:31 Gold Mining
41:30 Cavalier
43:34 Plate Barding Armor
44:32 Block Printing
Donki
3:32 Loom
10:19 Feudal Age
11:08 Double-Bit Axe
20:38 Castle Age
18:39 Horse Collar
21:50 Bow Saw
22:29 Heavy Plow
25:34 Wheelbarrow
24:56 Fletching
26:15 Bodkin Arrow
28:25 Padded Archer Armor
28:35 Scale Mail Armor
29:37 Pikeman
30:51 Squires
32:21 Svan Towers
32:46 Town Watch
37:30 Imperial Age
36:25 Hand Cart
36:33 Gold Mining
37:05 Padded Archer Armor
37:28 Forging
37:58 Bloodlines
38:43 Conscription
38:43 Chain Mail Armor
38:06 Halberdier
40:22 Plate Mail Armor
41:33 Iron Casting
41:27 Arson
43:20 Blast Furnace
DartPlayerCZ
4:18 Loom
14:19 Feudal Age
16:18 Double-Bit Axe
20:02 Castle Age
23:35 Horse Collar
24:08 Bow Saw
26:14 Fletching
26:24 Padded Archer Armor
27:19 Elite Skirmisher
29:23 Wheelbarrow
35:38 Hand Cart
37:04 Forging
38:10 Heavy Plow
39:36 Bodkin Arrow
40:55 Iron Casting
40:26 Scale Barding Armor
42:46 Chain Barding Armor
Abraham
7:29 Loom
11:58 Feudal Age
12:35 Double-Bit Axe
12:33 Horse Collar
19:19 Castle Age
18:21 Bloodlines
25:32 Elite Skirmisher
26:24 Fletching
29:27 Bodkin Arrow
31:20 Padded Archer Armor
38:59 Imperial Age
39:08 Bloodlines
38:58 Husbandry
39:45 Scale Barding Armor
39:59 Forging
40:32 Grand Trunk Road
40:38 Heavy Camel Rider
44:24 Leather Archer Armor
44:10 Bracer
Brandon
11:50 Feudal Age
10:06 Loom
15:16 Castle Age
13:43 Double-Bit Axe
14:46 Gold Mining
16:41 Fletching
16:52 Padded Archer Armor
18:20 Ballistics
21:31 Leather Archer Armor
23:01 Husbandry
24:30 Town Watch
26:31 Wheelbarrow
28:41 Hand Cart
28:38 Bodkin Arrow
28:56 Bloodlines
34:35 Stone Mining
35:46 Thumb Ring
38:49 Masonry
Connection lost

Rejoining the realm…

Still unreachable

The connection could not be restored.

Session expired

The server has moved on; the page needs a fresh start.